 Dungeon Crawl Stone Soup version 0.31-a0-1-g4198be8af4 (webtiles) character file.

Game seed: 4286998629962497700

1917 DavidChitty2 the Cleaver (level 8, -1/73 HPs)
             Began as a Minotaur Fighter on May 2, 2023.
             Was a Follower of Okawaru.
             Slain by an ice beast (7 damage)
             ... on level 7 of the Dungeon.
             The game lasted 00:08:22 (6541 turns).

DavidChitty2 the Cleaver (Minotaur Fighter)         Turns: 6541, Time: 00:08:22

Health: -1/73      AC: 13    Str: 24    XL:     8   Next: 95%
Magic:  9/9        EV:  6    Int:  5    God:    Okawaru [*.....]
Gold:   385        SH:  5    Dex:  9    Spells: 7/7 levels left

rFire   . . .        a - +0 war axe
rCold   . . .        c - +0 buckler
rNeg    . . .        l - +0 plate armour
rPois   +            (helmet restricted)
rElec   .            (no cloak)
rCorr   .            (no gloves)
SInv    +            (no boots)
Will    .....        (no amulet) Stlth
                     z - ring of see invisible
HPRegen 0.32/turn    s - ring of poison resistance
MPRegen 0.11/turn

%: no passive effects
@: no status effects
A: horns 2, retaliatory headbutt
a: Renounce Religion, Heroism


You were on level 7 of the Dungeon.
You worshipped Okawaru.
Okawaru was aware of your devotion.
You visited 2 branches of the dungeon, and saw 8 of its levels.
You also visited: Sewer.

You collected 385 gold pieces.

Inventory:

Hand Weapons
 a - a +0 war axe (weapon)
 b - a +1 whip of draining
   (You took it off a kobold on level 5 of the Dungeon)
Missiles
 B - a throwing net (quivered) {!f}
Armour
 c - a +0 buckler (worn)
 l - a +0 plate armour (worn)
   (You found it on level 6 of the Dungeon)
Jewellery
 i - a ring of protection from fire
   (You found it on level 2 of the Dungeon)
 m - a +6 ring of intelligence
   (You found it on level 7 of the Dungeon)
 o - a ring of protection from cold
   (You found it on level 4 of the Dungeon)
 s - a ring of poison resistance (right hand)
   (You found it on level 3 of the Dungeon)
 z - a ring of see invisible (left hand)
   (You found it on level 5 of the Dungeon)
 C - a ring of protection from fire
   (You found it on level 4 of the Dungeon)
Wands
 e - a wand of quicksilver (9)
   (You found it on level 6 of the Dungeon)
 t - a wand of flame (25)
   (You took it off a goblin on level 4 of the Dungeon)
 E - a wand of charming (10)
   (You found it on level 4 of the Dungeon)
Scrolls
 g - a scroll of poison
 j - 2 scrolls of blinking
 k - 3 scrolls of enchant armour
 n - 5 scrolls of teleportation {@r4}
 y - a scroll of fog
Potions
 d - 2 potions of might
 f - 2 potions of invisibility {unknown}
 h - 3 potions of brilliance {unknown}
 p - 4 potions of heal wounds {unknown}
 r - 2 potions of attraction {!q}
 v - 2 potions of ambrosia {unknown}
 w - 3 potions of degeneration {unknown}
 x - 3 potions of magic
 A - 3 potions of mutation {!q}
 F - 2 potions of resistance {unknown}
 H - 2 potions of flight {unknown}
 I - a potion of curing {@q1}


   Skills:
 + Level 7.0 Fighting
 * Level 8.8 Axes
 + Level 7.0 Armour
 + Level 6.8 Shields
 + Level 3.1 Invocations


You had 7 spell levels left.
You didn't know any spells.
Your spell library contained the following spells:

 Spells                   Type           Power      Damage    Failure   Level
 Stone Arrow              Conj/Erth      0%         3d7       100%        3
 Lehudib's Crystal Spear  Conj/Erth      0%         10d2      100%        8
 Animate Armour           Summ/Erth      Unusable   N/A       N/A         4

Dungeon Overview and Level Annotations

Branches:
Dungeon (7/15)             Temple (1/1) D:4           Sewer (visited)

Altars:
Ashenzari
Gozag
Hepliaklqana
Makhleb
Okawaru
Ru
Sif Muna
Trog
Uskayaw
Vehumet
Wu Jian
Xom
The Shining One

Shops:
D:3 ?   D:7 *


Innate Abilities, Weirdness & Mutations

You have a pair of horns on your head.
You reflexively headbutt those who attack you in melee.


Message History

The ball of steam hits you. You block the hound's attack.
You hear an angry growl.
You closely miss the hound.
You are engulfed in a cloud of scalding steam.
The hound is engulfed in a cloud of scalding steam.
The hound dies!
No reachable target in view!
No reachable target in view!
No reachable target in view!
There are monsters nearby!
You are engulfed in a cloud of scalding steam.
The ice beast hits you. The ice beast freezes you!
The steam dragon breathes steam at you. The ball of steam hits you!
You closely miss the ice beast. You block the ice beast's attack.
You hit the ice beast. You headbutt the ice beast.
You barely miss the steam dragon. You block the ice beast's attack.
The steam dragon bites you!
* * * LOW HITPOINT WARNING * * *
The steam dragon closely misses you.
You hit the steam dragon. You closely miss the ice beast.
You block the ice beast's attack. The steam dragon bites you.
* * * LOW HITPOINT WARNING * * *
You block the steam dragon's attack.
You slash the steam dragon! You hit the ice beast but do no damage.
The ice beast barely misses you. You furiously retaliate!
You headbutt the ice beast! The steam dragon bites you!
* * * LOW HITPOINT WARNING * * *
The steam dragon claws you but does no damage.
You slash the steam dragon! You headbutt the steam dragon.
You kill the steam dragon!
Okawaru accepts your kill.
The steam dragon scales are intact enough to wear.
You closely miss the ice beast. The ice beast barely misses you.
Your life force feels restored.
Your Fighting skill increases to level 7!
Your Armour skill increases to level 7!
Your Invocations skill increases to level 3!
You closely miss the ice beast.
You headbutt the ice beast, but do no damage.
The ice beast hits you.
* * * LOW HITPOINT WARNING * * *
The ice beast freezes you.
* * * LOW HITPOINT WARNING * * *
You hit the ice beast but do no damage. You block the ice beast's attack.
Unknown command.
You hit the ice beast. The ice beast hits you.
* * * LOW HITPOINT WARNING * * *
The ice beast freezes you!
You die...

######### #.......#
#........
#.......######.......
#.........#.........#
#.........#.........###
..........+...........
#.........#.........#
'.........#.....Y...#
#.......###.....@[..# #.#
..........#####.)...# #.#
........#..####.##### #.#
.....####....##.### #.#
.....#
#.........############)##
.##..#
##...###+#.##.............
..#..#
#..........##.#######...#
∩...##
#......)....#.##........#
..#.#
#:...)........##.###.##.#


You could see an ice beast.

Vanquished Creatures
  A steam dragon (D:7)
  A water moccasin (D:7)
  An orc warrior (D:6)
  An ice beast (D:7)
  A black bear (D:6)
  A centaur (D:4)
  A phantom (D:5)
  4 kobold brigands
  2 scorpions (D:5)
  3 wights (D:7)
  A howler monkey (D:3)
  2 hounds (D:5)
  A jelly (D:5)
  An orc priest (D:4)
  Jessica (D:2)
  Ijyb (D:4)
  2 iguanas
  Natasha (thrice) (D:2)
  An orc wizard (D:4)
  A mummy (D:4)
  4 gnolls (D:4)
  9 adders
  A river rat (Sewer)
  2 white imps
  2 ufetubi
  5 worms
  5 dart slugs
  12 orcs
  10 bats
  6 endoplasms
  3 giant cockroaches
  9 goblins
  3 hobgoblins
  4 jackals (D:4)
  3 quokkas
  14 ball pythons
  4 frilled lizards
  18 kobolds
  12 rats
156 creatures vanquished.

Vanquished Creatures (others)
  A hound (D:7)
  4 plants (D:3)
5 creatures vanquished.

Grand Total: 161 creatures vanquished

Notes
Turn   | Place    | Note
-------+----------+-------------------------------------------
     0 | D:1      | DavidChitty2 the Minotaur Fighter began the quest for the
                  | Orb.
     0 | D:1      | Reached XP level 1. HP: 19/19 MP: 0/0
    62 | D:1      | Found a faded altar of an unknown god.
    94 | D:1      | Reached XP level 2. HP: 25/27 MP: 1/1
   162 | D:1      | Reached skill level 3 in Axes
   405 | D:1      | Reached XP level 3. HP: 33/33 MP: 2/2
   832 | D:2      | Identified the +3 robe of the Evil One {Int+4}
   863 | D:2      | Noticed Jessica
   868 | D:2      | Killed Jessica
   869 | D:2      | Reached XP level 4. HP: 36/40 MP: 3/3
  1049 | D:2      | Reached skill level 4 in Axes
  1176 | D:2      | Noticed Natasha
  1181 | D:2      | Killed Natasha
  1209 | D:2      | Noticed Natasha
  1214 | D:2      | Killed Natasha
  1215 | D:2      | Reached XP level 5. HP: 47/47 MP: 4/4
  1345 | D:2      | Noticed Natasha
  1355 | D:2      | Killed Natasha
  1381 | D:3      | Found a hide-covered altar of Uskayaw.
  1401 | D:3      | Found an iron altar of Okawaru.
  1507 | D:3      | Found Jizut's Magic Scroll Emporium.
  1732 | D:3      | Found a glowing drain.
  1749 | Sewer    | Entered a sewer
  1768 | Sewer    | Reached skill level 5 in Axes
  1777 | Sewer    | Reached skill level 5 in Fighting
  1777 | Sewer    | Reached skill level 5 in Armour
  1777 | Sewer    | Reached XP level 6. HP: 17/56 MP: 5/5
  2129 | Sewer    | Reached skill level 5 in Shields
  2634 | D:4      | Found a radiant altar of Vehumet.
  2654 | D:4      | Found a staircase to the Ecumenical Temple.
  2744 | D:4      | Reached skill level 6 in Axes
  2746 | D:4      | Reached XP level 7. HP: 50/61 MP: 6/6
  2811 | D:4      | Noticed Ijyb
  2826 | D:4      | Killed Ijyb
  2832 | Temple   | Entered the Ecumenical Temple
  3562 | D:4      | Found a hazy altar of Hepliaklqana.
  3768 | D:3      | Became a worshipper of Warmaster Okawaru
  3823 | D:5      | Entered Level 5 of the Dungeon
  4161 | D:5      | Reached skill level 7 in Axes
  4161 | D:5      | Reached skill level 1 in Invocations
  4256 | D:5      | Found a shimmering blue altar of Sif Muna.
  4504 | D:5      | Reached XP level 8. HP: 66/70 MP: 6/8
  5280 | D:6      | Found a glowing golden altar of the Shining One.
  5393 | D:6      | Found a bloodstained altar of Trog.
  5460 | D:6      | Reached * piety under Okawaru
  5758 | D:6      | Reached skill level 8 in Axes
  6178 | D:7      | Found Bivvyol's Gadget Gallery.
  6541 | D:7      | Slain by an ice beast

Illustrated notes

Levels and vault maps discovered:
D:1:      amcnicky_arrival_feature_with_door, layout_basic,
          hellmonk_ecumenical_altar_crossroads
D:2:      layout_basic, minmay_ruptured, uniq_natasha, uniq_jessica
D:3:      layout_loops_corners, eat_drink_and_be_merry_uskayaw,
          mainiacjoe_overflow_tiny_flanked, portal_sewer_entry_b, serial_shops,
          shop, serial_bayou_ford_a
D:4:      layout_rooms, vehumet_altar_wand_db,
          worldfamousw_hep_ancestral_shrine, minmay_temple_entry_waves,
          gup_ossuary_entry_pyramid, saegor_snake_ambush, uniq_ijyb
D:5:      layout_loops_corners, lemuel_round_altar, grunt_ministairs_11
D:6:      layout_basic, trog_three_pillars_becter,
          mainiacjoe_overflow_six_doors_small
D:7:      layout_basic, nicolae_shop_gadgets
Temple:   hellmonk_temple_flake

Skill      XL: |  1  2  3  4  5  6  7  8 |
---------------+-------------------------+-----
Axes           | 3 4 5 6 7 8 |  8.8
Armour         | 4 5 6 7 |  7.0
Fighting       | 4 5 6 7 |  7.0
Shields        | 4 5 6 |  6.8
Invocations    | 1 3 |  3.1

Action                     |  1- 3 |  4- 6 |  7- 9 || total
---------------------------+-------+-------+-------++-------
  Melee: War axe           |    79 |   122 |   215 ||   416
         Headbutt          |     5 |    11 |    33 ||    49
    Use: Scroll            |       |       |    14 ||    14
 Armour: Scale mail        |    39 |    89 |    77 ||   205
         Plate armour      |       |       |    29 ||    29
  Dodge: Dodged            |    35 |    65 |    84 ||   184
  Block: Buckler           |    19 |    27 |    58 ||   104

Table legend: (Time is in decaauts)
 A = Elapsed time spent in this place.
 B = Non-inter-level travel time spent in this place.
 C = Inter-level travel time spent in this place.
 D = Time resting spent in this place.
 E = Time spent auto-exploring this place.
 F = Levels seen in this place.
 G = Mean time per level.
                   A        B        C        D        E       F      G
               +--------+--------+--------+--------+--------+-----+--------+
         Total |   6756 |   6412 |    344 |    412 |   4617 |   9 |  750.7 |
       Dungeon |   5923 |   5589 |    334 |    273 |   4097 |   7 |  846.1 |
        Temple |    266 |    256 |     10 |      0 |    250 |   1 |  266.0 |
         Sewer |    566 |    566 |      0 |    139 |    269 |   1 |  566.0 |
               +--------+--------+--------+--------+--------+-----+--------+

Top non-repeatable levels by time:
     D:5: 1195 daAuts
     D:6: 1132 daAuts
     D:3: 944 daAuts
     D:4: 826 daAuts
     D:1: 723 daAuts
     D:2: 689 daAuts
   Sewer: 566 daAuts
     D:7: 412 daAuts
  Temple: 266 daAuts
